Map: Port Aleksander LE

Players

PtitDrogo

  • Race: Protoss Protoss
  • League: Grandmaster
  • Spawn Location: 5:00

Kas - Winner!

  • Race: Terran Terran
  • League: Grandmaster
  • Spawn Location: 11:00

Event: 2019 WCS Winter Europe

VOD

Have the link to the VOD?

Description

Time

  • Played on: Feb. 7, 2019, 9:57 a.m.
  • Length: 11:16

All games in this series

Show
View Real Time Build Order
Export as new Build Order

PtitDrogo Protoss 

Build Orders: 1 Gate Expand, Phoenix Opening, Zealot Archon 

Get SALT Encoding   

  12  0:00  Probe  
  13  0:12  Probe  
  14  0:17  Pylon  
  14  0:24  Probe  
  15  0:32  Probe  
  15  0:38  Gateway  
  15  0:40  Probe  
  16  0:47  Assimilator  
  17  0:51  Probe  
  18  1:03  Probe  
  19  1:15  Probe  
  20  1:23  Nexus  
  20  1:33  Cybernetics Core  
  20  1:37  Probe  
  21  1:42  Assimilator  
  21  1:49  Probe  
  21  1:53  Pylon  
  22  2:01  Stalker, Probe  
  23  2:10  Warp Gate  
  23  2:13  Probe  
  26  2:25  Probe  
  27  2:31  Sentry  
  27  2:32  Probe  
  27  2:33  Probe  
  30  2:40  Probe  
  30  2:41  Probe  
  30  2:44  Robotics Facility  
  31  2:51  Probe x2  
  35  2:58  Stalker  
  35  3:03  Probe x2  
  35  3:05  Phoenix  
  39  3:07  Gateway  
  39  3:13  Gateway  
  39  3:15  Probe  
  39  3:17  Probe  
  41  3:23  Probe, Pylon  
  42  3:29  Probe  
  42  3:31  Probe  
  42  3:32  Observer  
  44  3:37  Pylon  
  45  3:41  Assimilator, Probe x2  
  45  3:44  Assimilator  
  45  3:46  Observer  
  47  3:53  Probe x2  
  50  4:05  Probe x2  
  50  4:06  Twilight Council  
  52  4:10  Stalker x2, Forge  
  52  4:11  Observer  
  57  4:19  Probe  
  57  4:21  Stalker  
  60  4:25  Charge, Protoss Ground Armor Level 1  
  60  4:28  Shield Battery  
  60  4:30  Pylon  
  60  4:50  Gateway  
  60  4:51  Gateway  
  60  4:52  Gateway  
  60  4:53  Gateway  
  60  4:57  Gateway  
  60  4:59  Stalker  
  62  5:06  Templar Archives  
  62  5:09  Pylon  
  62  5:13  Pylon  
  59  5:22  Zealot x3  
  65  5:38  Warp Prism  
  65  5:43  Probe  
  65  5:46  High Templar x2  
  70  5:50  Archon  
  70  5:52  Zealot  
  70  5:53  Zealot x4  
  70  5:55  Zealot  
  73  6:13  Stalker x2  
  73  6:14  Stalker  
  73  6:17  Stalker  
  73  6:18  Probe  
  75  6:24  Probe  
  76  6:27  Probe  
  75  6:35  Probe  
  75  6:36  Probe  
  75  6:37  Pylon  
  77  6:48  High Templar x2, Probe  
  77  6:50  Zealot x2  
  77  6:52  Archon  
  86  6:59  Probe  
  87  7:09  Zealot x3  
  87  7:15  Warp Prism  
  83  7:22  Probe x2  
  73  7:30  Probe x2  
  73  7:35  Protoss Ground Armor Level 2  
  75  7:38  Probe x2  
  75  7:41  Photon Cannon  
  77  7:49  Probe x2  
  77  8:01  Probe x2  
  73  8:06  Stalker x2  
  73  8:11  Probe  
  73  8:12  Probe  
  71  8:13  Nexus  
  71  8:19  Probe  
  73  8:20  Probe  
  75  8:27  High Templar x2  
  75  8:28  Probe  
  75  8:31  High Templar  
  75  8:32  Zealot x3, High Templar  
  75  8:33  Archon  
  90  8:36  Probe, Archon  
  90  8:40  Probe, Pylon  
  92  8:48  Probe  
  93  8:50  Probe  
  94  8:57  Psionic Storm  
  94  8:58  Sentry, Probe  
  94  9:00  Probe  
  94  9:02  Sentry, Pylon  
  100  9:07  Probe  
  100  9:12  Probe  
  102  9:20  Probe  
  102  9:22  High Templar  
  102  9:23  Assimilator  
  105  9:24  Probe  
  105  9:25  Probe  
  105  9:26  Assimilator  
  104  9:32  Probe  
  104  9:36  Probe  
  104  9:37  Probe  
  105  9:44  Probe  
  105  9:45  High Templar  
  106  9:48  Probe  
  106  9:49  Probe  
  108  9:53  High Templar  
  108  9:54  Zealot x5  
  108  9:56  Probe  
  121  10:00  Probe  
  121  10:15  High Templar x2  
  111  10:29  Zealot x3  
  102  10:36  Zealot x3  
  102  10:40  Probe  
  85  10:54  Archon  
  85  10:55  Zealot x5  
  83  10:57  Zealot x3  
  83  10:58  Probe  
  83  11:02  Probe  
Show
View Real Time Build Order
Export as new Build Order

Kas Terran - Winner!

Build Orders: Reaper Expand, Banshee Rush 

Get SALT Encoding   

  12  0:00  SCV  
  13  0:12  SCV  
  14  0:17  Supply Depot  
  14  0:25  SCV  
  15  0:39  SCV  
  15  0:40  Barracks  
  16  0:44  Refinery  
  16  0:51  SCV  
  17  1:03  SCV  
  18  1:15  SCV  
  19  1:27  Reaper  
  19  1:28  Orbital Command  
  20  1:42  Command Center  
  20  1:53  Supply Depot  
  20  1:58  SCV  
  20  1:59  Marine  
  22  2:08  Factory  
  22  2:11  SCV  
  23  2:17  Refinery  
  23  2:21  Barracks Reactor  
  23  2:23  SCV  
  24  2:36  SCV  
  25  2:48  SCV  
  26  2:53  Starport  
  26  2:55  Orbital Command  
  26  2:57  Refinery, Factory Tech Lab  
  26  2:58  Marine x2  
  26  3:04  SCV  
  29  3:16  Marine x2  
  29  3:17  SCV  
  32  3:22  SCV, Factory Tech Lab  
  33  3:29  SCV  
  34  3:34  SCV  
  34  3:36  Cloaking Field  
  34  3:37  Banshee  
  38  3:42  Marine x2  
  40  3:49  SCV  
  40  3:50  SCV  
  40  3:51  Cyclone  
  45  3:57  Supply Depot  
  45  4:00  Supply Depot  
  45  4:03  Marine  
  46  4:19  SCV x2, Banshee, Marine  
  46  4:23  Siege Tank  
  55  4:29  Marine  
  55  4:31  SCV x2  
  58  4:32  Supply Depot  
  58  4:43  SCV x2  
  60  4:49  Command Center  
  60  4:52  Marine x2  
  62  4:55  SCV, Siege Tank  
  62  4:57  SCV  
  67  5:04  Supply Depot  
  67  5:06  Raven  
  69  5:08  Supply Depot  
  69  5:18  SCV  
  69  5:21  Barracks  
  70  5:22  Barracks  
  70  5:26  SCV  
  70  5:28  Supply Depot  
  71  5:41  SCV  
  71  5:42  Marine x2  
  73  5:45  Siege Tank  
  73  5:48  SCV  
  78  5:53  Engineering Bay  
  78  6:04  Orbital Command  
  78  6:05  SCV x2  
  78  6:06  Marine  
  74  6:17  Barracks Tech Lab  
  74  6:18  Siege Tank  
  65  6:19  Terran Infantry Weapons Level 1, Barracks  
  65  6:21  SCV  
  65  6:22  SCV, Marine, Barracks  
  65  6:25  Marine  
  69  6:26  Refinery  
  69  6:27  Starport Reactor  
  69  6:30  Marine  
  69  6:31  Stimpack  
  70  6:35  Marine  
  70  6:37  Missile Turret  
  70  6:38  SCV  
  70  6:39  Bunker  
  72  6:40  Missile Turret, Combat Shield, Marine  
  72  6:43  Marine  
  72  6:45  Bunker  
  74  6:48  Marine  
  74  6:50  SCV  
  74  6:53  Marine  
  77  6:57  Missile Turret  
  77  6:58  SCV x2, Marine  
  77  7:00  Marine  
  81  7:02  Supply Depot  
  81  7:05  Marine  
  81  7:06  Missile Turret  
  81  7:07  Marine  
  82  7:11  Marine  
  82  7:14  Marine  
  82  7:16  Marine  
  82  7:18  Marine  
  76  7:23  Marine  
  76  7:25  Marine  
  76  7:29  Marine  
  72  7:30  Orbital Command  
  72  7:31  Marine  
  72  7:34  Orbital Command, Marine  
  72  7:36  Marine  
  74  7:40  Medivac  
  74  7:41  Marine  
  74  7:43  Marine  
  78  7:46  Marine  
  78  7:49  Marine, Supply Depot  
  78  7:51  Marine  
  78  7:54  Marine  
  79  7:59  Marine  
  79  8:01  Marine  
  79  8:05  Marine  
  82  8:06  Siege Tank  
  82  8:07  Marine  
  83  8:13  Marine  
  83  8:14  Starport Reactor  
  83  8:15  Supply Depot  
  83  8:16  Orbital Command  
  84  8:20  Marine x2  
  84  8:22  SCV, Missile Turret  
  84  8:23  Missile Turret  
  84  8:25  SCV  
  88  8:32  Marine  
  88  8:33  Marine  
  90  8:34  SCV  
  90  8:35  Marine x2  
  90  8:37  SCV  
  90  8:38  Marine  
  90  8:39  Marine  
  96  8:48  Supply Depot  
  96  8:49  Marine  
  96  8:51  SCV x2, Marine  
  96  8:52  SCV  
  96  8:53  Marine  
  96  8:55  Factory Reactor  
  102  8:59  Marine x2  
  102  9:02  Terran Infantry Armor Level 1  
  104  9:03  SCV  
  104  9:04  Armory  
  104  9:09  Marine x3  
  107  9:11  Marine  
  109  9:19  Orbital Command  
  109  9:25  Marine x2  
  109  9:27  SCV  
  109  9:28  Marauder  
  109  9:29  Marauder  
  116  9:34  SCV  
  116  9:37  Ghost Academy  
  114  9:38  Marine  
  114  9:39  SCV  
  114  9:42  Medivac x2, Widow Mine  
  122  9:46  SCV  
  122  9:49  Barracks Reactor  
  122  9:50  Marauder  
  122  9:51  SCV  
  126  9:56  Engineering Bay  
  126  9:59  SCV  
  127  10:04  Marauder x2  
  127  10:05  Marine  
  132  10:08  Marine  
  117  10:38  Marauder x2, Marine x4  
  117  10:39  Medivac, Widow Mine  
  117  10:40  Widow Mine  
  117  10:42  Medivac  
  112  11:07  Supply Depot  
  112  11:09  Command Center  
Tags
 
Add a new tag
Caveats
  • Supply blocks, unpowered buildings, or Contaminate may cause inaccurate times.
  • Supply counts are checked every 10 seconds.